 Dungeon Crawl Stone Soup version 0.27-a0-1381-g81fdcbfb23 (webtiles) character file.

Game seed: 16113069619681191570

244669 Nattfarinn the Spry (level 20, -30/160 HPs)
             Began as a Djinni Venom Mage on June 30, 2021.
             Was the Champion of Makhleb.
             Annihilated by a rockslime (39 damage)
             ... on level 3 of the Pits of Slime.
             The game lasted 01:59:23 (43769 turns).

Nattfarinn the Spry (Djinni Venom Mage)            Turns: 43769, Time: 01:59:24

Health: -30/160    AC:  8    Str: 14    XL:     20   Next: 23%
Gold:   2261       EV: 16    Int: 24    God:    Makhleb [******] SH:  0 Dex: 15

rFire    + + .     SeeInvis +   g - +6 short sword (venom)
rCold    + + .     Faith    .   (no shield)
rNeg     . . .     Spirit   .   C - +1 ice dragon scales
rPois    ∞         Reflect  .   L - +2 hat
rElec    .         Harm     .   b - +2 cloak
rCorr    .         Rampage  .   (no gloves)
Will     +++..                  (boots unavailable)
Stlth    ..........             U - amulet "Henui" {rC+ Regen+}
HPRegen  1.36/turn              S - ring of protection from cold
MPRegen  0.00/turn              r - ring "Gadwoof" {Fire *Slow Str+3 Int+3 SInv}

@: corroded, flying, studying Dodging
A: sickness immunity, fire resistance 2, cold vulnerability 1, float, innate
caster, hp casting, extra vitality 1, strong-willed 1, mutation resistance 1,
robust 1
}: 2/15 runes: decaying, gossamer
a: Renounce Religion, Minor Destruction, Lesser Servant of Makhleb, Major
Destruction, Greater Servant of Makhleb


You were on level 3 of the Pits of Slime.
You worshipped Makhleb.
Makhleb was exalted by your worship.
You visited 7 branches of the dungeon, and saw 35 of its levels.

You collected 3209 gold pieces.
You spent 948 gold pieces at shops.

Inventory:

Hand Weapons
 g - a +6 short sword of venom (weapon)
 z - a +2 demon trident of venom
 D - the +6 hand axe of Tadghoi {protect, *Rage rElec Int+4 Dex+4}
   (You bought it in a shop on level 2 of the Orcish Mines)

   It grants its wielder temporary protection when it strikes (+7 to AC).
   Int:       It affects your intelligence (+4).
   Dex:       It affects your dexterity (+4).
   rElec:     It insulates you from electricity.
   *Rage:     It may make you go berserk in combat.
Missiles
 p - 11 atropa-tipped darts
 R - 5 curare-tipped darts
 Y - 2 throwing nets
Armour
 b - a +2 cloak (worn)
 C - +1 ice dragon scales (worn)
 L - a +2 hat (worn)
Jewellery
 a - a ring of positive energy
 k - an amulet of reflection
 m - the amulet "Rifarr" {Reflect rF+ Str+7 SH+5}
   (You found it on level 2 of the Spider Nest)

   [amulet of reflection]

   It reflects blocked missile attacks.Str: It affects your strength (+7).
   rF:        It protects you from fire.
   SH:        It affects your SH (+5).
 r - the ring "Gadwoof" (right hand) {Fire *Slow Str+3 Int+3 SInv}
   (You found it on level 2 of the Spider Nest)

   [ring of fire]

   It enhances your fire magic.Str: It affects your strength (+3).
   Int:       It affects your intelligence (+3).
   rF:        It protects you from fire.
   rC:        It makes you vulnerable to cold.
   SInv:      It lets you see invisible.
   *Slow:     It may slow you when you take damage.
 x - the ring "Atrizihol" {Will+ Str+9}
   (You acquired it on level 2 of the Lair of Beasts)

   [ring of willpower]

   Str:       It affects your strength (+9).
   Will:      It increases your willpower.
 F - the ring of Iceeqaigg {Fire Dex+4}
   (You found it on level 7 of the Dungeon)

   [ring of fire]

   It enhances your fire magic.Dex: It affects your dexterity (+4).
   rF:        It protects you from fire.
   rC:        It makes you vulnerable to cold.
 N - the amulet of Kuimaekk {Spirit Will+}
   (You found it on level 10 of the Dungeon)

   [amulet of guardian spirit]

   It causes incoming damage to be divided between your reserves of health and
   magic.Will: It increases your willpower.
 O - the ring of Egalitarianism {rF+ rCorr}
   (You found it on level 2 of the Spider Nest)

   [ring of resist corrosion]

   rF:        It protects you from fire.
   rCorr:     It protects you from acid and corrosion.
 S - a ring of protection from cold (left hand)
 U - the amulet "Henui" (around neck) {rC+ Regen+}
   (You found it on level 3 of the Spider Nest)

   [amulet of regeneration]

   rC:        It protects you from cold.
   Regen:     It increases your rate of health regeneration.
 W - a +6 ring of intelligence
Wands
 d - a wand of flame (99)
 o - a wand of iceblast (18)
 q - a wand of charming (24)
 s - a wand of digging (5)
 E - a wand of mindburst (29)
 G - a wand of paralysis (15)
 K - a wand of polymorph (45)
Scrolls
 e - a scroll of fog
 i - a scroll of silence
 n - 4 scrolls of torment
 u - 4 scrolls of summoning
 w - 8 scrolls of teleportation
 y - 2 scrolls of immolation
 I - 2 scrolls of holy word
 J - 6 scrolls of identify
 M - 5 scrolls of magic mapping
 X - 2 scrolls of brand weapon
Potions
 c - 3 potions of might
 f - 9 potions of brilliance
 h - 5 potions of lignification
 j - 5 potions of curing
 l - 4 potions of resistance
 v - 5 potions of attraction
 A - 7 potions of ambrosia
 B - 6 potions of haste
 H - a potion of cancellation
 P - 3 potions of berserk rage
 V - 3 potions of mutation
 Z - a potion of invisibility
Miscellaneous
 t - a condenser vane
 T - a phantom mirror


   Skills:
 * Level 13.9 Fighting
 - Level 9.2 Short Blades
 + Level 12.7 Armour
 - Level 17.2 Dodging
 - Level 1.5 Stealth
 - Level 16.0 Spellcasting
 - Level 12.0 Evocations


You couldn't memorise any spells.
You knew the following spells:

 Your Spells              Type           Power      Damage    Failure   Level
a - Sting                 Tmut/Pois      100%       1d8       0%          1
b - Poisonous Vapours     Pois/Air       100%       N/A       1%          2
c - Mephitic Cloud        Conj/Pois/Air  77%        N/A       1%          3
d - Ignite Poison         Fire/Tmut/Pois 97%        N/A       1%          3
e - Olgreb's Toxic Radia  Pois           77%        N/A       1%          4
f - Foxfire               Conj/Fire      100%       2x1d9     0%          1
g - Static Discharge      Conj/Air       77%        N/A       1%          2
h - Slow                  Hex            77%        N/A       1%          2
i - Fulminant Prism       Conj/Hex       38%        3d18      1%          4
j - Bolt of Magma         Conj/Fire/Erth 48%        4d20      1%          5
k - Agony                 Necr           77%        N/A       1%          5
l - Starburst             Conj/Fire      48%        8x6d13    2%          6
m - Monstrous Menagerie   Summ           38%        N/A       12%         7
n - Eringya's Noxious Bo  Tmut/Pois      38%        N/A       2%          6
Your spell library was empty.

Dungeon Overview and Level Annotations

Branches:
Dungeon (15/15)            Temple (1/1) D:7            Lair (6/6) D:10
  Swamp (4/4) Lair:4       Spider (4/4) Lair:4        Slime (3/5) Lair:5
    Orc (2/2) D:9             Elf (0/3) Orc:2        Vaults (0/5) D:13
 Depths (0/5) D:15

Altars:
Elyvilon
Fedhas
Hepliaklqana
Kikubaaqudgha
Makhleb
Okawaru
Qazlal
Trog
Uskayaw
Xom
Yredelemnul
Zin
Beogh

Shops:
D:3 [   D:5 (   D:13 !   Orc:1 [   Orc:2 *!*==

Annotations:
D:11 2 transporters, Delamore's ghost, journeyman DjFE
Orc:2 1 runed translucent door, Bapho's ghost, journeyman FoFi


Innate Abilities, Weirdness & Mutations

You are immune to sickness and miasma.
You are immune to poison.
Your flesh is very heat resistant. (rF++)
You are vulnerable to cold. (rC-)
You float through the air rather than walking.
You learn spells naturally, not from books.
Your magical power is your life essence.
You have superior vitality. (+4 HP)
You are strong-willed. (Will+)
You are somewhat resistant to further mutation.
You are robust. (+10% HP)


Message History

A golden eye comes into view.
The acid blob spits acid at you. The splash of acid hits you!
* * * LOW HITPOINT WARNING * * *
You are splashed with acid!
* * * LOW HITPOINT WARNING * * *
The rockslime completely misses you.
Unknown command.
Unknown command.
As you read the scroll of fear, it crumbles to dust.
You assume a fearsome visage.
The slime creature looks frightened!
The acid blob easily resists.
The golden eye looks frightened!
The rockslime looks frightened!
The golden eye blinks!
The acid blob spits acid at you. The splash of acid hits you.
* * * LOW HITPOINT WARNING * * *
The acid corrodes you!
You are splashed with acid!
* * * LOW HITPOINT WARNING * * *
The golden eye blinks!
Okay, then.
As you read the scroll of fog, it crumbles to dust.
The scroll dissolves into smoke.
You are confused.
You feel invigorated.
The acid blob hits you but does no damage.
The acid blob closely misses you. The acid blob completely misses you.
You are too confused!
You feel better.
You feel less invigorated. The acid blob spits acid at you.
The splash of acid misses you. The rockslime closely misses you.
The acid blob spits acid at you. The splash of acid hits you!
* * * LOW HITPOINT WARNING * * *
The acid corrodes you!
You are splashed with acid!
* * * LOW HITPOINT WARNING * * *
As you read the scroll of fear, it crumbles to dust.
You assume a fearsome visage.
The acid blob easily resists.
The rockslime resists with some effort.
The rockslime hits you!!!
You die...

.................
...........>......
..................
.........#........
#.............J...
....#.§..........
#.......§§§§§.....
.#......§JJ§§.....
##...##§§@§§.....
#......§§§§#.....
#.......§§##§. ...
##.#.#..#.# #.# .
#######... .# #..#
. ...# # ##.#


You could see an acid blob and a rockslime.

Vanquished Creatures
  Jorgrun (Swamp:3)
  Rupert (Lair:6)
  4 acid blobs
  A thorn hunter (Swamp:4)
  Kirke (D:15)
  Frances (Spider:2)
  2 fenstrider witches
  2 azure jellies (Slime:1)
  4 ghost moths
  4 emperor scorpions
  Louise (Spider:2)
  2 ghouls (Swamp:2)
  A quicksilver ooze (Slime:3)
  3 spark wasps
  A bunyip (Swamp:4)
  2 entropy weavers
  5 eleionomae
  Josephine (D:12)
  Snorg (Lair:3)
  A shambling mangrove (Swamp:1)
  Fannar (Lair:1)
  4 boulder beetles
  A great orb of eyes (D:12)
  25 hydras
  Harold (Lair:2)
  2 ghost crabs
  4 vault guards (D:13)
  The ghost of Fama the Slicer, a journeyman HuAK of Lugonu (Lair:2)
  Erolcha (D:12)
  2 ice dragons (D:15)
  2 death knights (D:14)
  5 centaur warriors
  11 alligators
  5 two-headed ogres
  Urug (Orc:2)
  3 death yaks (Lair:4)
  8 death scarabs (Spider:4)
  4 orc high priests (Orc:2)
  4 nameless horrors (Spider:1)
  A fire crab (D:9)
  4 goliath frogs
  2 spectral emperor scorpions (Spider:4)
  3 spriggan druids
  A lindwurm (Lair:4)
  10 swamp dragons
  An orange crystal statue (D:13)
  5 bog bodies
  5 orc knights
  3 spectral wolf spiders (Spider:4)
  14 orb spiders
  A deep elf zephyrmancer (D:9)
  22 wolf spiders
  2 deep elf pyromancers
  2 wolf spider zombies (Spider:4)
  5 manticores
  A will-o-the-wisp (Swamp:1)
  A shining eye (Slime:2)
  5 orc sorcerers (Orc:2)
  14 ugly things
  8 cyclopes
  6 moths of wrath
  An oklob plant (D:10)
  A guardian serpent (shapeshifter) (D:8)
  A black mamba (Lair:6)
  7 torpor snails
  21 elephants
  An eye of devastation (Slime:2)
  2 gargoyles
  9 cane toads
  A komodo dragon (Lair:6)
  6 rime drakes
  4 kobold demonologists (D:13)
  2 spectral redbacks (Spider:4)
  2 unseen horrors
  2 hellwings (D:9)
  11 demonic crawlers
  3 tengu conjurers
  34 jumping spiders
  A bloated husk (Swamp:4)
  18 hornets
  11 polar bears
  4 tyrant leeches
  A merfolk (D:11)
  5 trolls
  Grinder (D:3)
  3 jumping spider zombies (Spider:4)
  9 dream sheep
  Prince Ribbit (D:5)
  27 slime creatures
  20 blink frogs
  4 spectral jumping spiders (Spider:4)
  A tarantella zombie (Spider:4)
  2 spectral tarantellas (Spider:4)
  85 redbacks
  Sigmund (D:2)
  35 tarantellas
  7 wraiths
  2 shadows
  3 vampires
  10 spriggans
  Grum (D:9)
  3 golden eyes (Slime:3)
  8 wyverns
  35 yaks
  3 hogs (D:15)
  9 vampire mosquitoes
  8 wargs
  An acid dragon (D:12)
  20 swamp worms
  15 hell hounds (Lair:6)
  11 water moccasins
  25 orc warriors
  8 swamp drakes
  Purgy (D:3)
  2 spectral hornets (Spider:4)
  12 black bears
  5 necrophages
  9 ice beasts
  7 ogres
  49 wolves
  9 centaurs
  2 phantoms (D:9)
  5 kobold brigands
  12 bullfrogs
  2 scorpions (D:5)
  3 troll zombies (D:9)
  5 killer bees (D:10)
  2 electric eels (Lair:4)
  3 howler monkeys
  2 jellies
  A bullfrog zombie (D:5)
  9 centaur zombies
  5 hounds
  A bullfrog skeleton (D:5)
  18 orc priests
  Jessica (D:2)
  4 centaur skeletons
  Ijyb (D:3)
  4 iguanas
  23 orc wizards
  5 hell rats (Lair:5)
  A killer bee zombie (D:8)
  5 ogre zombies (D:9)
  A howler monkey zombie (D:5)
  Robin (D:2)
  A gnoll (D:1)
  5 adders
  6 shadow imps
  A white imp (D:7)
  An ufetubus (D:6)
  8 worms
  3 dart slugs
  67 orcs
  6 endoplasms
  6 giant cockroaches
  17 goblins
  11 hobgoblins
  A jackal (D:2)
  32 kobolds
  A quokka (D:2)
  6 ball pythons
  11 bats
  4 frilled lizards (D:2)
  2 goblin skeletons (D:9)
  A goblin zombie (D:9)
  2 hobgoblin skeletons (D:9)
  5 hobgoblin zombies (D:9)
  3 orc skeletons (D:9)
  12 orc zombies (D:9)
  8 rats
  2 briar patches (Swamp:4)
1178 creatures vanquished.

Vanquished Creatures (others)
  A wolf spider (Spider:3)
  2 slime creatures (Slime:2)
  2 jumping spiders (Spider:3)
  2 demonic crawlers (Spider:3)
  16 redbacks
  4 tarantellas
  A bush (Lair:2)
  41 foxfires
  16 fulminant prisms
  19 fungi
  85 plants
  14 withered plants (D:9)
203 creatures vanquished.

Grand Total: 1381 creatures vanquished

Notes
Turn   | Place    | Note
-------+----------+-------------------------------------------
     0 | D:1      | Nattfarinn the Djinni Venom Mage began the quest for the
                  | Orb.
     0 | D:1      | Reached XP level 1. HP: 15/15 MP: 0/0
   247 | D:1      | Reached XP level 2. HP: 18/21 MP: 0/0
   309 | D:1      | Found a faded altar of an unknown god.
   524 | D:1      | Reached XP level 3. HP: 22/25 MP: 0/0
   524 | D:1      | Learned a level 1 spell: Foxfire
  2007 | D:2      | Reached XP level 4. HP: 28/31 MP: 0/0
  2466 | D:2      | Noticed Robin
  2469 | D:2      | Killed Robin
  2470 | D:2      | Reached XP level 5. HP: 27/35 MP: 0/0
  2470 | D:2      | Learned a level 2 spell: Static Discharge
  2731 | D:2      | You are sucked into a shaft and drop 2 floors!
  2731 | D:4      | Noticed a centaur
  2738 | D:4      | Killed a centaur
  2977 | D:3      | Reached XP level 6. HP: 40/40 MP: 0/0
  3593 | D:2      | Noticed Jessica
  3600 | D:2      | Killed Jessica
  3601 | D:2      | Reached skill level 5 in Spellcasting
  3652 | D:2      | Noticed Sigmund
  3656 | D:2      | Killed Sigmund
  3657 | D:2      | Reached skill level 3 in Dodging
  3657 | D:2      | Reached XP level 7. HP: 41/49 MP: 0/0
  3657 | D:2      | Learned a level 2 spell: Slow
  4593 | D:3      | Noticed Grinder
  4605 | D:3      | Noticed Purgy
  4607 | D:3      | Paralysed by Grinder for 4 turns
  4608 | D:3      | Killed Grinder
  4609 | D:3      | Reached skill level 4 in Dodging
  4613 | D:3      | Killed Purgy
  4614 | D:3      | Reached skill level 5 in Dodging
  4614 | D:3      | Reached XP level 8. HP: 38/58 MP: 0/0
  4838 | D:3      | Found Ruisit's Antique Armour Boutique.
  5310 | D:3      | Noticed Ijyb
  5315 | D:3      | Killed Ijyb
  6188 | D:4      | Reached skill level 1 in Armour
  6724 | D:3      | Bought a blackened leather armour for 189 gold pieces
  6724 | D:3      | Identified the +0 leather armour of Fedhas's Castigation
                  | {Harm Drain rElec MP+9} (You bought it in a shop on level 3
                  | of the Dungeon)
  6763 | D:5      | Entered Level 5 of the Dungeon
  6836 | D:5      | Noticed Prince Ribbit
  6841 | D:5      | Killed Prince Ribbit
  7019 | D:5      | Found Agoboz's Antique Weapon Emporium.
  7037 | D:5      | Reached skill level 5 in Fighting
  7772 | D:5      | Reached XP level 9. HP: 57/65 MP: 0/0
  7772 | D:5      | Learned a level 4 spell: Fulminant Prism
  8034 | D:5      | Reached skill level 5 in Armour
  8662 | D:6      | Noticed a two-headed ogre
  8855 | D:5      | Killed a two-headed ogre
  9603 | D:6      | Reached XP level 10. HP: 60/72 MP: 0/0
 10292 | D:7      | Identified the ring of Iceeqaigg {Fire Dex+4}
 10508 | D:7      | Found a staircase to the Ecumenical Temple.
 10532 | Temple   | Entered the Ecumenical Temple
 10537 | Temple   | Became a worshipper of Makhleb the Destroyer
 12179 | D:8      | Noticed a guardian serpent
 12185 | D:8      | Killed a guardian serpent
 12186 | D:8      | Reached skill level 1 in Short Blades
 12967 | D:9      | Noticed Grum
 12971 | D:9      | Killed Grum
 13004 | D:9      | Reached * piety under Makhleb
 13432 | D:9      | Reached XP level 11. HP: 26/81 MP: 0/0
 13432 | D:9      | Learned a level 5 spell: Bolt of Magma
 14471 | D:9      | Reached ** piety under Makhleb
 14907 | D:9      | Reached skill level 10 in Fighting
 15362 | D:9      | Found a staircase to the Orcish Mines.
 15816 | D:9      | Noticed a centaur warrior
 15816 | D:9      | Noticed a cyclops
 15816 | D:9      | Noticed a green ugly thing
 15816 | D:9      | Noticed a deep elf zephyrmancer
 15816 | D:9      | Noticed a fire crab
 15821 | D:9      | Killed a centaur warrior
 15821 | D:9      | Killed a deep elf zephyrmancer
 15824 | D:9      | Killed a cyclops
 15824 | D:9      | Killed a fire crab
 15828 | D:9      | Killed a green ugly thing
 15829 | D:9      | Reached XP level 12. HP: 49/91 MP: 0/0
 16195 | D:9      | Identified the +8 war axe of the Spinneret {venom, rElec
                  | rPois Str+3 Int-5}
 16196 | D:9      | Identified the +4 ring mail "Uthoqimo" {rF+}
 16308 | D:9      | Found a bloodstained altar of Trog.
 16403 | D:10     | Entered Level 10 of the Dungeon
 16405 | D:10     | Reached *** piety under Makhleb
 16424 | D:10     | Reached skill level 10 in Spellcasting
 16512 | D:10     | Identified the +1 scale mail of Autotheism {Contam rPois
                  | Int+4 Slay+3}
 16518 | D:10     | Found a staircase to the Lair.
 16939 | D:10     | Identified the +0 pair of boots of the Gusle {rN++ rCorr
                  | Dex+4}
 16994 | D:10     | Noticed a two-headed ogre
 16997 | D:10     | Killed a two-headed ogre
 16998 | D:10     | Reached skill level 6 in Dodging
 17003 | D:10     | Identified the amulet of Kuimaekk {Spirit Will+}
 17677 | D:11     | Found a transporter.
 17679 | D:11     | Identified the +3 great mace "Jybuitog" {venom, Str+3}
 17679 | D:11     | Identified the +5 dire flail of Excruciating Pain {venom,
                  | rF+++ Str+6 Stlth-}
 17679 | D:11     | Noticed a two-headed ogre
 17680 | D:11     | Found a transporter.
 17682 | D:11     | Noticed Delamore's ghost (journeyman DjFE)
 17762 | D:11     | Reached skill level 7 in Dodging
 18681 | Lair:1   | Entered Level 1 of the Lair of Beasts
 18738 | Lair:1   | Reached skill level 8 in Dodging
 18757 | Lair:1   | Reached **** piety under Makhleb
 18977 | Lair:1   | Noticed an eight-headed hydra
 18982 | Lair:1   | Killed an eight-headed hydra
 19074 | Lair:1   | Reached XP level 13. HP: 96/96 MP: 0/0
 19074 | Lair:1   | Learned a level 5 spell: Agony
 19076 | Lair:1   | Reached skill level 9 in Dodging
 19387 | Lair:1   | Noticed Fannar
 19392 | Lair:1   | Killed Fannar
 19801 | Lair:2   | Identified a scroll of acquirement
 19802 | Lair:2   | Acquired the ring "Atrizihol" {Will+ Str+9}
 19813 | Lair:2   | You are sucked into a shaft and drop 1 floor!
 20353 | Lair:3   | Found a glowing silver altar of Zin.
 20388 | Lair:3   | Reached skill level 10 in Dodging
 20628 | Lair:3   | Noticed Snorg
 20634 | Lair:3   | Killed Snorg
 20635 | Lair:3   | Reached skill level 10 in Armour
 21024 | Lair:4   | Reached skill level 11 in Dodging
 21343 | Lair:4   | Found a hole to the Spider Nest.
 21429 | Lair:4   | Reached XP level 14. HP: 97/103 MP: 0/0
 21434 | Lair:4   | Reached ***** piety under Makhleb
 21898 | Lair:4   | Found a staircase to the Swamp.
 22050 | Lair:5   | Acquired a manual of Dodging
 22163 | Lair:5   | Reached skill level 12 in Dodging
 22485 | Lair:5   | Found a staircase to the Slime Pits.
 22682 | Lair:6   | Entered Level 6 of the Lair of Beasts
 22682 | Lair:6   | Noticed Rupert
 22689 | Lair:6   | Killed Rupert
 22690 | Lair:6   | Reached skill level 13 in Dodging
 23053 | Lair:6   | Reached skill level 5 in Evocations
 23160 | Lair:6   | Reached XP level 15. HP: 101/110 MP: 0/0
 23160 | Lair:6   | Learned a level 6 spell: Starburst
 23236 | Lair:6   | Reached skill level 14 in Dodging
 23394 | Lair:6   | Reached ****** piety under Makhleb
 24053 | Lair:2   | Found a runed translucent door.
 24062 | Lair:2   | Noticed Fama's ghost (journeyman HuAK)
 24469 | Lair:2   | Noticed Harold
 24472 | Lair:2   | Killed Harold
 24693 | Lair:2   | Killed Fama's ghost
 24997 | D:12     | Reached skill level 15 in Dodging
 25110 | D:12     | Noticed Josephine
 25117 | D:12     | Killed Josephine
 25279 | D:12     | Found a frozen archway.
 25358 | D:12     | Noticed Erolcha
 25361 | D:12     | Killed Erolcha
 25848 | D:13     | Found a large runed translucent door.
 25849 | D:13     | Found a large runed translucent door.
 25857 | D:13     | Found a shimmering altar of Xom.
 26002 | D:13     | Reached skill level 10 in Evocations
 26283 | D:13     | Found a gate to the Vaults.
 26287 | D:13     | Reached skill level 16 in Dodging
 26293 | D:13     | Reached XP level 16. HP: 116/116 MP: 0/0
 26367 | D:13     | Found Ovaikk's Distillery.
 26404 | D:13     | Bought a potion of mutation for 128 gold pieces
 26404 | D:13     | Bought a potion of cancellation for 128 gold pieces
 26404 | D:13     | Bought 2 potions of might for 128 gold pieces
 26822 | D:14     | Reached skill level 17 in Dodging
 27043 | D:14     | Found a blossoming altar of Fedhas.
 27209 | D:14     | Reached skill level 5 in Short Blades
 27346 | D:15     | Entered Level 15 of the Dungeon
 27951 | D:15     | Noticed Kirke
 27963 | D:15     | Killed Kirke
 28300 | D:15     | Identified the +1 robe of Birdsong {rCorr}
 28405 | D:15     | Found a staircase to the Depths.
 28725 | Orc:1    | Entered Level 1 of the Orcish Mines
 29098 | Orc:1    | Found Jam Baol's Antique Armour Emporium.
 29389 | Orc:2    | Entered Level 2 of the Orcish Mines
 29853 | Orc:2    | Found a runed translucent door.
 29854 | Orc:2    | Noticed Bapho's ghost (journeyman FoFi)
 29928 | Orc:2    | Found Zeoruvimm's Jewellery Shoppe.
 30009 | Orc:2    | Noticed Urug
 30012 | Orc:2    | Killed Urug
 30028 | Orc:2    | Found a staircase to the Elven Halls.
 30763 | Orc:2    | Reached XP level 17. HP: 68/120 MP: 0/0
 30763 | Orc:2    | Learned a level 7 spell: Monstrous Menagerie
 31164 | Orc:2    | Found Ojanupib's Jewellery Boutique.
 31164 | Orc:2    | Found Wageerif's General Store.
 31165 | Orc:2    | Found Cokumote's Assorted Antiques.
 31165 | Orc:2    | Found Wegekink's Distillery.
 31332 | Orc:2    | Bought a fine hand axe for 200 gold pieces
 31332 | Orc:2    | Identified the +6 hand axe of Tadghoi {protect, *Rage rElec
                  | Int+4 Dex+4} (You bought it in a shop on level 2 of the
                  | Orcish Mines)
 31332 | Orc:2    | Bought a jewelled leather armour for 175 gold pieces
 31332 | Orc:2    | Identified the +1 leather armour of Melancholy {rF+ Will-
                  | MP+9 Slay+5} (You bought it in a shop on level 2 of the
                  | Orcish Mines)
 31755 | Swamp:1  | Entered Level 1 of the Swamp
 33868 | Swamp:2  | Found an iron altar of Okawaru.
 35933 | Swamp:3  | Noticed Jorgrun
 35938 | Swamp:3  | Killed Jorgrun
 36581 | Swamp:4  | Entered Level 4 of the Swamp
 36666 | Swamp:4  | Reached XP level 18. HP: 125/128 MP: 0/0
 38168 | Swamp:4  | Got a decaying rune of Zot
 38669 | Spider:1 | Entered Level 1 of the Spider Nest
 39548 | Spider:2 | Reached skill level 15 in Spellcasting
 39559 | Spider:2 | Noticed Louise
 39858 | Spider:2 | Killed Louise
 39987 | Spider:2 | Noticed Frances
 39993 | Spider:2 | Killed Frances
 39994 | Spider:2 | Reached XP level 19. HP: 94/132 MP: 0/0
 39994 | Spider:2 | Learned a level 6 spell: Eringya's Noxious Bog
 39995 | Spider:2 | Found a transporter.
 41034 | Spider:2 | Found a transporter.
 41182 | Spider:2 | Gained mutation: You are robust. (+10% HP) [mutagenic glow]
 41330 | Spider:2 | Identified the amulet "Rifarr" {Reflect rF+ Str+7 SH+5}
 41334 | Spider:2 | Identified the ring "Gadwoof" {Fire *Slow Str+3 Int+3 SInv}
 41357 | Spider:2 | Identified the ring of Egalitarianism {rF+ rCorr}
 41857 | Spider:3 | Identified the amulet "Henui" {rC+ Regen+}
 42097 | Spider:4 | Entered Level 4 of the Spider Nest
 42672 | Spider:4 | Got a gossamer rune of Zot
 43141 | Slime:1  | Entered Level 1 of the Pits of Slime
 43164 | Slime:1  | Reached XP level 20. HP: 158/158 MP: 0/0
 43292 | Slime:2  | Gained mutation: You are strong-willed. (Will+) [a shining
                  | eye]
 43296 | Slime:2  | Gained mutation: You are somewhat resistant to further
                  | mutation. [a shining eye]
 43763 | Slime:3  | HP: 4/160 [acid (14)]
 43768 | Slime:3  | HP: 8/160 [acid (14)]
 43769 | Slime:3  | Annihilated by a rockslime

Illustrated notes

Levels and vault maps discovered:
D:1:      heliophobic_arrival_enchanted_forest, layout_basic,
          chequers_ecumenical_altar_simple, serial_forest,
          infiniplex_forest_lined_room_3, infiniplex_forest_3_way,
          infiniplex_forest_end_1, infiniplex_forest_end_1,
          infiniplex_forest_straight_3, infiniplex_forest_lined_room_2,
          infiniplex_forest_diagonal
D:2:      minmay_alternating_diamond, layout_basic, minmay_misc_feat_x,
          chequers_serial_rivers_room_b, uniq_robin, uniq_sigmund, uniq_jessica
D:3:      layout_basic, serial_shops, shop_statue, serial_bayou,
          serial_bayou_pond_d, serial_bayou_lagoon_b, serial_bayou_lake_a,
          serial_bayou_ford_a, grunt_ministairs_2, st_stairs_5, uniq_ijyb,
          uniq_purgy, uniq_grinder
D:4:      layout_cave_pools
D:5:      layout_rooms, serial_shops, kennysheep_mini_moat,
          grunt_decor_resistance, minmay_puff, uniq_prince_ribbit1
D:6:      layout_basic, serial_rivers, chequers_serial_rivers_large_b,
          chequers_serial_rivers_micro_e, chequers_serial_rivers_large_a,
          chequers_serial_rivers_micro_d, minmay_misc_feat_chi
D:7:      layout_basic, minmay_temple_entry_wispy
D:8:      layout_loops_cross, hangedman_decor_push
D:9:      cheibrodos_grave_circle, layout_loops_ring,
          nicolae_overflow_hidden_temple, zombieorc2_lemuel, wad_scary_box,
          uniq_grum
D:10:     layout_rooms, dpeg_oklobed_lair
D:11:     cheibrodos_orc_bank, layout_loops_ring, gammafunk_ghost_smash,
          hangedman_fish_farm
D:12:     layout_irregular_city, portal_ice_cave_entry_ice_beasts, uniq_erolcha,
          uniq_josephine
D:13:     due_chaos_kobolds, layout_irregular_city,
          lightli_vaults_fourway_checkpoint, serial_shops, shop
D:14:     layout_roguey, fedhas_altar_fruit_tree
D:15:     grunt_enter_depths_hoard, layout_basic, hangedman_decor_slide_cut,
          uniq_kirke
Temple:   compressed_dpeg_triangle_lava_temple
Lair:1:   layout_chaotic_city, grunt_megastairs_3, uniq_fannar
Lair:2:   layout_cave_pods, ebering_ghost_reflecting_pool,
          grunt_forest_large_clearings, grunt_megastairs_2, uniq_harold
Lair:3:   wad_woods_stonehenge, layout_regular_city, uniq_snorg
Lair:4:   layout_cave_pods, minmay_swamp_entry_worms, spider_nest_entry_webs,
          grunt_megastairs_5, infiniplex_staircase_pool, serial_bayou_shore_b,
          serial_bayou_shore_b
Lair:5:   layout_hall_layers, slime_dummy
Lair:6:   hangedman_lair_caniforms_friends, layout_long_grid, uniq_rupert
Swamp:1:  nicolae_swamp_ascending_descending, layout_basic_swamp,
          evilmike_swamp_ruin_house_6
Swamp:2:  layout_basic_swamp, lemuel_altar_in_water, swamp_pool1,
          nicolae_swamp_little_tower
Swamp:3:  layout_falls_marsh, evilmike_swamp_ruin_house_4, uniq_jorgrun
Swamp:4:  swamp, layout_basic_swamp
Spider:1: layout_spider_delve
Spider:2: gammafunk_its_a_trap, nicolae_spider_not_touching_you, uniq_frances,
          uniq_louise
Spider:3: layout_spider_delve, nicolae_spider_nook
Spider:4: floodkiller_spider_rune_tomb
Slime:1:  layout_caves
Slime:2:  layout_caves
Slime:3:  layout_caves
Orc:1:    layout_diamond_mine, basic_altar, serial_shops,
          nicolae_shop_window_shopping, mines_bat_river
Orc:2:    st_orc_elflike, layout_caves, gammafunk_ghost_grave, serial_shops,
          shop, uniq_urug

Skill      XL: |  1  2  3  4  5  6  7  8  9 10 11 12 13 14 15 16 17 18 19 |
---------------+----------------------------------------------------------+-----
Spellcasting   | 3 4 5 7 8 9 10 11 13 15 16 | 16.0
Fighting       | 2 4 5 6 8 10 11 13 | 13.9
Dodging        | 3 5 8 11 13 16 17 | 17.2
Armour         | 4 5 8 11 12 | 12.7
Short Blades   | 3 4 8 9 |  9.2
Evocations     | 5 10 12 | 12.0
Stealth        | |  1.5

Action                   |  1- 3 |  4- 6 |  7- 9 | 10-12 | 13-15 | 16-18 | 19-21 || total
-------------------------+-------+-------+-------+-------+-------+-------+-------++-------
Melee: Staff             |     2 |       |       |       |       |       |       ||     2
       Short sword       |     1 |     6 |    11 |    66 |   190 |    70 |    58 ||   402
Throw: Dart              |       |       |       |       |     2 |       |       ||     2
 Cast: Sting             |    62 |    47 |    18 |    10 |       |       |       ||   137
       Ignite Poison     |       |     4 |    32 |    37 |    64 |    67 |    35 ||   239
       Olgreb's Toxic Ra |       |     2 |     6 |    26 |    55 |    71 |    22 ||   182
       Poisonous Vapours |       |     2 |   114 |    46 |    36 |    28 |     1 ||   227
       Foxfire           |       |       |    11 |       |       |       |       ||    11
       Static Discharge  |       |       |    29 |    28 |       |     2 |       ||    59
       Fulminant Prism   |       |       |     2 |     7 |     2 |     5 |       ||    16
       Bolt of Magma     |       |       |       |   112 |   281 |   477 |   140 ||  1010
       Slow              |       |       |       |     1 |       |       |       ||     1
       Starburst         |       |       |       |       |       |     6 |    26 ||    32
       Monstrous Menager |       |       |       |       |       |     4 |     1 ||     5
       Eringya's Noxious |       |       |       |       |       |       |    17 ||    17
Evoke: Wand              |       |       |       |     5 |       |       |     1 ||     6
  Use: Scroll            |       |       |     5 |    10 |    15 |    17 |     6 ||    53
       Potion            |       |       |       |       |       |     4 |     6 ||    10
 Stab: Sleeping          |       |       |       |     1 |       |       |       ||     1
Armor: Robe              |     3 |     2 |    20 |    98 |     4 |       |       ||   127
       Troll leather arm |       |       |       |       |   142 |    12 |       ||   154
       Ice dragon scales |       |       |       |       |       |   181 |   156 ||   337
Dodge: Dodged            |    12 |    21 |    58 |   146 |   427 |   322 |   227 ||  1213
Block: Other             |       |       |       |       |       |       |    14 ||    14

Table legend: (Time is in decaauts)
 A = Elapsed time spent in this place.
 B = Non-inter-level travel time spent in this place.
 C = Inter-level travel time spent in this place.
 D = Time resting spent in this place.
 E = Time spent auto-exploring this place.
 F = Levels seen in this place.
 G = Mean time per level.
                   A        B        C        D        E       F      G
               +--------+--------+--------+--------+--------+-----+--------+
         Total |  43742 |  41618 |   2124 |  11822 |  25031 |  35 | 1249.8 |
       Dungeon |  22642 |  21581 |   1061 |   6207 |  13299 |  15 | 1509.5 |
        Temple |     10 |      1 |      9 |      0 |      0 |   1 |   10.0 |
          Lair |   6941 |   6552 |    389 |    832 |   4809 |   6 | 1156.8 |
         Swamp |   6247 |   6003 |    244 |   2149 |   3242 |   4 | 1561.8 |
   Spider Nest |   4391 |   4161 |    230 |   1612 |   1869 |   4 | 1097.8 |
    Slime Pits |    629 |    609 |     20 |    194 |    338 |   3 |  209.7 |
  Orcish Mines |   2880 |   2711 |    169 |    828 |   1474 |   2 | 1440.0 |
               +--------+--------+--------+--------+--------+-----+--------+

Top non-repeatable levels by time:
     D:9: 3446 daAuts
     D:2: 2600 daAuts
Spider:1: 1789 daAuts
 Swamp:2: 1756 daAuts
     D:4: 1754 daAuts
  Lair:4: 1745 daAuts
     D:5: 1625 daAuts
     D:7: 1586 daAuts
 Swamp:4: 1583 daAuts
     D:1: 1581 daAuts
    D:11: 1495 daAuts
 Swamp:3: 1494 daAuts
   Orc:2: 1475 daAuts
     D:8: 1430 daAuts
 Swamp:1: 1413 daAuts
